 Dungeon Crawl Stone Soup version 0.30.1-4-g462c640d31 (webtiles) character file.

Game seed: 420491656640513161

161 Logoto the Firebug (level 5, -1/39 HPs)
             Began as a Hill Orc Fire Elementalist on Aug 16, 2023.
             Was a Follower of Beogh.
             Slain by Pikel
             ... wielding a +2 whip of electrocution
              (3 damage)
             ... on level 4 of the Dungeon.
             The game lasted 00:20:14 (4143 turns).

Logoto the Firebug (Hill Orc Fire Elementalist)     Turns: 4143, Time: 00:20:14

Health: -1/39      AC:  5    Str: 13    XL:     5   Next: 42%
Magic:  6/8        EV: 10    Int: 15    God:    Beogh [*.....]
Gold:   230        SH:  0    Dex: 11    Spells: 6/9 levels left

rFire   . . .        j - +2 short sword (venom)
rCold   . . .        (no shield)
rNeg    . . .        e - +0 ring mail
rPois   .            (no helmet)
rElec   .            (no cloak)
rCorr   .            (no gloves)
SInv    .            (no boots)
Will    .....        (no amulet)
Stlth   +            (no ring)
HPRegen 0.26/turn    (no ring)
MPRegen 0.11/turn

%: no passive effects
@: no status effects
A: no striking features
a: Renounce Religion


You were on level 4 of the Dungeon.
You worshipped Beogh.
Beogh was aware of your devotion.
You visited 1 branch of the dungeon, and saw 4 of its levels.

You collected 230 gold pieces.

Inventory:

Hand Weapons
 j - a +2 short sword of venom (weapon)
 u - a +2 dagger of venom
 w - a +1 vampiric dagger
Armour
 a - a +0 robe
 e - a +0 ring mail (worn)
Jewellery
 v - an amulet of regeneration
Scrolls
 g - a scroll of enchant weapon {unknown}
 h - 2 scrolls of blinking {unknown}
 i - a scroll of teleportation {unknown}
 l - a scroll of summoning {unknown}
 m - a scroll of silence {unknown}
 o - 3 scrolls of identify {unknown}
 q - a scroll of immolation {unknown}
 r - a scroll of magic mapping {unknown}
 t - a scroll of noise {unknown}
Potions
 b - a potion of magic
 c - a potion of invisibility {unknown}
 d - a potion of flight {unknown}
 f - 2 potions of curing {unknown}
 k - a potion of degeneration {unknown}
 n - a potion of resistance {unknown}
 p - a potion of lignification {unknown}
 s - a potion of attraction {unknown}
 x - a potion of heal wounds {unknown}
 z - a potion of mutation {unknown}


   Skills:
 + Level 0.4 Fighting
 + Level 0.9 Short Blades
 + Level 0.8 Armour
 + Level 2.0 Dodging
 + Level 2.3 Stealth
 + Level 2.5 Spellcasting
 + Level 1.7 Conjurations
 + Level 4.3 Fire Magic


You had 6 spell levels left.
You knew the following spells:

 Your Spells              Type           Power      Damage    Failure   Level
a - Foxfire               Conj/Fire      44%        2x1d6     13%         1
b - Scorch                Fire           28%        2d6       12%         2

Your spell library contained the following spells:

 Spells                   Type           Power      Damage    Failure   Level
 Momentum Strike          Conj/Tloc      8%         3d8       43%         2
 Inner Flame              Hex/Fire       8%         N/A       50%         3
 Volatile Blastmotes      Fire/Tloc      16%        2d11      50%         3
 Blink                    Tloc           2%         N/A       56%         2
 Cigotuvi's Dreadful Rot  Necr/Pois/Air  2%         N/A       56%         2
 Lesser Beckoning         Tloc           2%         N/A       56%         2
 Poisonous Vapours        Pois/Air       2%         N/A       56%         2
 Ignite Poison            Fire/Tmut/Pois 6%         N/A       58%         3
 Mephitic Cloud           Conj/Pois/Air  3%         N/A       71%         3
 Flame Wave               Conj/Fire      11%        2d6       77%         4
 Freezing Cloud           Conj/Ice/Air   1%         6-21      100%        5


Dungeon Overview and Level Annotations

Branches:
Dungeon (4/15)
 Temple: D:4-7

Altars:
Qazlal
Yredelemnul

Annotations:
D:4 Pikel


Message History

The foxfire hits Pikel but does no damage.
The foxfire hits Pikel.
Pikel is lightly wounded.
Casting: Foxfire (safe; 13% risk of failure)
Confirm with . or Enter, or press ? or * to list all spells.
You conjure some foxfire!
The foxfire hits Pikel but does no damage.
Pikel is lightly wounded.
The foxfire hits Pikel but does no damage.
Pikel is lightly wounded.
The lemure shouts!
Casting: Foxfire (safe; 13% risk of failure)
Confirm with . or Enter, or press ? or * to list all spells.
You conjure some foxfire!
Pikel attacks as you move away!
Pikel hits you with a +2 whip of electrocution.
The foxfire hits Pikel but does no damage.
Pikel is lightly wounded.
The foxfire hits Pikel but does no damage.
Pikel is lightly wounded.
Casting: Foxfire (safe; 13% risk of failure)
Confirm with . or Enter, or press ? or * to list all spells.
You conjure some foxfire!
Pikel hits you with a +2 whip of electrocution!
You are electrocuted!
Your foxfire dissipates!
The foxfire hits Pikel.
Pikel is lightly wounded.
Pikel attacks as you move away! Pikel barely misses you.
Pikel attacks as you move away!
Pikel hits you with a +2 whip of electrocution.
You are electrocuted!
* * * LOW HITPOINT WARNING * * *
Pikel says, "You'll feel the lick of my whip!"
There is a stone staircase leading up here.
Press: ? - help, v - describe, . - travel A stone staircase leading up.
You can't go down here!
Pikel hits you with a +2 whip of electrocution.
You die...

#...##.###.#
#...## #. #...#
#. #...# #.
#...# #.
#####...##.# #.
#l5........#
#####.###...####
#.K@#5#
#...........
#5###.#
#...........
###.###.#
####........
#.....5.#
#........
#.#.#####
###........
#.#.##
...........
#.#..# #.....)..
#.##.# #........
#....# #........


You could see Pikel and a lemure.

Vanquished Creatures
  A hound (D:4)
  Natasha (twice) (D:2)
  An adder (D:3)
  A worm (D:2)
  7 orcs
  10 ball pythons
  5 endoplasms
  A giant cockroach (D:1)
  9 goblins
  4 hobgoblins
  5 kobolds
  3 quokkas
  7 bats
  2 frilled lizards (D:3)
  7 rats
65 creatures vanquished.

Vanquished Creatures (others)
  An orc (D:2)
  A goblin (D:2)
  88 foxfires
90 creatures vanquished.

Grand Total: 155 creatures vanquished

Notes
Turn   | Place    | Note
-------+----------+-------------------------------------------
     0 | D:1      | Logoto the Hill Orc Fire Elementalist began the quest for
                  | the Orb.
     0 | D:1      | Reached XP level 1. HP: 14/14 MP: 3/3
   229 | D:1      | Reached XP level 2. HP: 9/20 MP: 0/4
   851 | D:1      | Learned a level 2 spell: Scorch
  1022 | D:1      | Reached XP level 3. HP: 23/26 MP: 5/5
  1527 | D:2      | Became a worshipper of Beogh the Brigand
  1925 | D:2      | Noticed Natasha
  1945 | D:2      | Killed Natasha
  1946 | D:2      | Reached skill level 4 in Fire Magic
  1946 | D:2      | Reached XP level 4. HP: 21/33 MP: 0/7
  2460 | D:2      | Noticed Natasha
  2468 | D:2      | Killed Natasha
  3015 | D:3      | Reached XP level 5. HP: 39/39 MP: 3/8
  3242 | D:3      | Reached * piety under Beogh
  3313 | D:3      | Found a basalt altar of Yredelemnul.
  3367 | D:3      | Found a stormy altar of Qazlal.
  3879 | D:4      | Noticed a black bear
  3944 | D:4      | Noticed a lemure
  3944 | D:4      | Noticed a lemure
  3945 | D:4      | Noticed a lemure
  3945 | D:4      | Noticed Pikel
  4139 | D:4      | HP: 1/39 [Pikel/+2 whip of electrocution (16)]
  4143 | D:4      | Slain by Pikel

Illustrated notes

Levels and vault maps discovered:
D:1:      co_arrival_square_in_a_square_in_a_square, layout_loops_corners
D:2:      layout_basic, uniq_natasha
D:3:      layout_basic, nicolae_qazlal_eye_of_the_storm,
          mainiacjoe_overflow_chevrons, kennysheep_pointless_box,
          serial_park_tiny_2, st_stairs_6
D:4:      layout_basic, cheibriados_altar_1,
          chequers_temple_overflow_minitemple, nicolae_elevator_lobby_asterisk,
          uniq_pikel, uniq_sigmund, uniq_edmund, uniq_blork_the_orc

Skill      XL: |  1  2  3  4 |
---------------+-------------+-----
Stealth        | 2 |  2.3
Spellcasting   | 2 |  2.5
Fire Magic     | 4 |  4.3
Dodging        | 2 |  2.0
Fighting       | |  0.4
Short Blades   | |  0.9
Armour         | |  0.8
Conjurations   | |  1.7

Action                     |  1- 3 |  4- 6 || total
---------------------------+-------+-------++-------
  Melee: Unarmed           |    13 |       ||    13
         Short sword       |    27 |    26 ||    53
   Cast: Foxfire           |    37 |    23 ||    60
         Scorch            |     7 |    15 ||    22
 Invoke: Convert to Beogh  |     1 |       ||     1
   Stab: Sleeping          |     2 |     1 ||     3
         Distracted        |       |     1 ||     1
 Armour: Robe              |    24 |       ||    24
         Ring mail         |     4 |    30 ||    34
  Dodge: Dodged            |    89 |    33 ||   122
